 Dungeon Crawl Stone Soup version 0.25-a0-663-gace7076f2c (webtiles) character file.

Game seed: 457336880023041081, levelgen mode: deterministic

28 Alarkh the Slasher (level 3, 29/29 HPs)
             Began as a Demonspawn Fighter on Mar 25, 2020.
             Got out of the dungeon alive.
             The game lasted 00:01:44 (985 turns).

Alarkh the Slasher (Demonspawn Fighter)              Turns: 985, Time: 00:01:44

Health: 29/29      AC:  8    Str: 16    XL:     3   Next: 0%
Magic:  3/3        EV:  6    Int: 10    God:
Gold:   68         SH:  8    Dex: 12    Spells: 2/2 levels left

rFire    . . .     SeeInvis .   a - +0 long sword
rCold    . . .     Gourm    .   c - +0 kite shield
rNeg     . . .     Faith    .   b - +0 scale mail
rPois    .         Spirit   .   (no helmet)
rElec    .         Reflect  .   (no cloak)
rCorr    .         Harm     .   j - +1 pair of gloves
MR       .....                  (no boots)
Stlth    ..........             (no amulet)
HPRegen  0.09/turn              (no ring)
MPRegen  0.08/turn              (no ring)

@: no status effects
A: claws 1, powered by pain 1
a: no special abilities


You escaped.
You were not hungry.

You visited 1 branch of the dungeon, and saw 2 of its levels.

You collected 68 gold pieces.

Inventory:

Hand Weapons
 a - a +0 long sword (weapon)
Armour
 b - a +0 scale mail (worn)
 c - a +0 kite shield (worn)
 j - a +1 pair of gloves (worn)
Jewellery
 m - a +1 ring of evasion {unknown}
Scrolls
 e - a scroll of amnesia {unknown}
 i - a scroll of teleportation {unknown}
 k - a scroll of noise {unknown}
 l - a scroll of identify {unknown}
Potions
 d - a potion of might
 h - a potion of flight {unknown}
Comestibles
 f - 3 rations
 g - 4 chunks of flesh


   Skills:
 - Level 3.0 Fighting
 + Level 3.2 Long Blades
 - Level 2.6 Armour
 - Level 2.6 Shields


You had 2 spell levels left.
You didn't know any spells.
Your spell library was empty.

Dungeon Overview and Level Annotations

Branches:
Dungeon (2/15)

Altars:


Innate Abilities, Weirdness & Mutations

You have sharp fingernails.
You sometimes gain a little power by taking damage.


Message History

Increase (S)trength, (I)ntelligence, or (D)exterity?
You feel clever.
Your demonic ancestry asserts itself...
Your fingernails lengthen.
Things that are here:
a +0 dagger; a goblin skeleton
There is a stone staircase leading down here.
There is a stone staircase leading up here.
You climb upwards.
There is a stone staircase leading down here.
Unknown command.
Unknown command.
Unknown command.
Unknown command.
You see here a cursed +0 club.
You see here a cursed -1 short sword.
There is an open door here.
You see here 15 stones.
There is a staircase leading out of the dungeon here.
Are you sure you want to leave the Dungeon?
This will make you lose the game!
You have escaped!

.####...#......#.)......#..# ##.
.###.....##...........##...## #.
##.......####.......####....# #.
...#.#....# ###...### #.....####.
####.#....## ##.## ##.......##.
##...#.....# ###'### #......#.#..
#.###.....###..(..###.....##....
##.........##.......##...........
.........####...@...####.........
#......### ##.....## ###.......
.....### ##.....## ###...#.
.#.##########'#####'##########.#.
##............## ##...........(..
#.............# #............(..
####..........###.....#......(..
#####.####......#........######..
##.....###......#......### ####..


There were no monsters in sight!

Vanquished Creatures
  A ball python (D:1)
  A giant cockroach (D:1)
  5 hobgoblins (D:1)
  4 kobolds
  4 bats (D:1)
  3 frilled lizards (D:1)
  5 goblins
  4 rats (D:1)
27 creatures vanquished.

Notes
Turn   | Place    | Note
-------+----------+-------------------------------------------
     0 | D:1      | Alarkh the Demonspawn Fighter began the quest for the Orb.
     0 | D:1      | Reached XP level 1. HP: 18/18 MP: 1/1
    60 | D:1      | Gained mutation: You sometimes gain a little power by
                  | taking damage. [demonic ancestry]
    60 | D:1      | Reached XP level 2. HP: 7/24 MP: 2/2
   908 | D:2      | Gained mutation: You have sharp fingernails. [demonic
                  | ancestry]
   908 | D:2      | Reached XP level 3. HP: 29/29 MP: 3/3
   985 | D:$      | Got out of the dungeon alive.

Levels and vault maps discovered:
D:1:      onia_arrival_pentagram, layout_rooms, hangedman_decor_points
D:2:      layout_loops_ring, lemuel_coloured_pillars_altar, first_ration,
          chequers_jeans

Skill      XL: |  1  2 |
---------------+-------+-----
Long Blades    | 2 3 |  3.2
Fighting       | |  3.0
Armour         | |  2.6
Shields        | |  2.6

Action                   || total
-------------------------++-------
Melee: Long sword        ||    90
Armor: Scale mail        ||    71
Dodge: Dodged            ||    21
Block: Kite shield       ||    50
       Rpst.: Long sword ||     6

Table legend:
 A = Non-vault XP
 B = Vault XP
 C = Vault XP percentage of total XP
 D = Non-vault monster count
 E = Vault monster count
 F = Vault count percentage of total count
                 A         B        C        D         E       F
            +---------+---------+-------+---------+---------+-------
      Total |      41 |       0 |   0.0 |      27 |       0 |   0.0
            +---------+---------+-------+---------+---------+-------
        D:1 |      38 |       0 |   0.0 |      25 |       0 |   0.0
        D:2 |       3 |       0 |   0.0 |       2 |       0 |   0.0
            +---------+---------+-------+---------+---------+-------
